 Dungeon Crawl Stone Soup version 0.28.0-43-g3370ac3207 (webtiles) character file.

Game seed: 8843947944281417685

37 grackle the Shield-Bearer (level 3, -3/23 HPs)
             Began as a Gargoyle Fighter on Mar 13, 2022.
             Slain by a quokka (4 damage)
             ... on level 3 of the Dungeon.
             The game lasted 00:02:47 (1709 turns).

grackle the Shield-Bearer (Gargoyle Fighter)        Turns: 1709, Time: 00:02:49

Health: -3/23      AC: 10    Str: 21    XL:     3   Next: 41%
Magic:  3/3        EV:  9    Int:  8    God:
Gold:   126        SH:  5    Dex:  9    Spells: 2/2 levels left

rFire   . . .      SeeInvis .   k - +1 hand axe (vorpal)
rCold   . . .      Faith    .   c - +1 buckler
rNeg    + . .      Spirit   .   b - +0 scale mail
rPois   ∞          Reflect  .   (no helmet)
rElec   +          Harm     .   (no cloak)
rCorr   .          Rampage  .   (no gloves)
Will    .....                   (no boots)
Stlth   ..........              (no amulet)
HPRegen 0.07/turn               (no ring)
MPRegen 0.08/turn               (no ring)

@: no status effects
A: sickness immunity, AC +3, negative energy resistance 1, electricity
resistance, torment resistance 1, petrification resistance
a: no special abilities


You were on level 3 of the Dungeon.
You visited 1 branch of the dungeon, and saw 3 of its levels.

You collected 126 gold pieces.

Inventory:

Hand Weapons
 a - a +0 war axe
 k - a +1 vorpal hand axe (weapon)
Missiles
 f - a throwing net (quivered)
Armour
 b - a +0 scale mail (worn)
 c - a +1 buckler (worn)
 h - a +0 pair of gloves
Scrolls
 i - a scroll of identify
 j - 3 scrolls of enchant armour
Potions
 d - a potion of might
 e - 3 potions of attraction
 g - a potion of lignification {unknown}


   Skills:
 + Level 3.6 Fighting
 + Level 2.3 Axes
 + Level 3.7 Armour
 + Level 0.1 Stealth
 + Level 3.7 Shields


You had 2 spell levels left.
You didn't know any spells.
Your spell library contained the following spells:

 Spells                   Type           Power      Damage    Failure   Level
 Malign Gateway           Summ/Tloc      0%         N/A       100%        7
 Summon Horrible Things   Summ           0%         N/A       100%        8


Dungeon Overview and Level Annotations

Branches:
Dungeon (3/15)

Altars:

Annotations:
D:3 Grinder


Innate Abilities, Weirdness & Mutations

You are immune to sickness and miasma.
Your stone body is resilient. (AC +3)
You are immune to poison.
You resist negative energy. (rN+)
You are resistant to electric shocks. (rElec)
You are resistant to unholy torment.
You are immune to petrification.


Message History

Grinder says, "FISH!"
Grinder gestures at you. Pain shoots through your body!
You barely miss Grinder.
Grinder is heavily wounded.
Grinder hits you but does no damage.
You hit Grinder but do no damage.
Grinder is heavily wounded.
Grinder hits you but does no damage. You block the quokka's attack.
You closely miss Grinder.
Grinder is heavily wounded.
You closely miss the quokka. Grinder hits you but does no damage.
You block the quokka's attack. Grinder hits you but does no damage.
You closely miss Grinder.
Grinder is heavily wounded.
You closely miss the quokka.
The quokka bites you but does no damage.
You block Grinder's attack.
The quokka bites you but does no damage.
You barely miss Grinder.
Grinder is heavily wounded.
You barely miss the quokka.
Grinder says, "At least Makhleb appreciates what I'm doing."
Grinder gestures at you. Pain shoots through your body!
The quokka bites you but does no damage.
You are too injured to fight recklessly!
You are too injured to fight recklessly!
You barely miss Grinder.
Grinder is heavily wounded.
You miss the quokka. The quokka barely misses you. Grinder barely misses you.
The quokka bites you but does no damage.
You hit Grinder but do no damage.
Grinder is heavily wounded.
You hit the quokka but do no damage. Grinder hits you!
* * * LOW HITPOINT WARNING * * *
You writhe in agony.
* * * LOW HITPOINT WARNING * * *
The quokka bites you.
You die...

#...#>... ##.##.###
#.......... ##.##.#
......... ##....#
.......# # ......#
...... .#
####).#####.......##.#
#.......... .w.#.#
##........## #5r.##
#.....(...####@.#.#.#
#..................#
#..#...#.#####..####
###...............#
........##.###...#.#
.##..##....# #†#..##
.....##.##.###.#.##
##...............#
###........###.###


You could see Grinder, a worm and a quokka.

Vanquished Creatures
  A dart slug (D:2)
  2 ball pythons
  2 bats (D:2)
  8 endoplasms
  2 giant cockroaches
  2 hobgoblins
  2 jackals (D:1)
  A quokka (D:2)
  A frilled lizard (D:1)
  5 goblins
  2 kobolds (D:2)
  3 rats (D:1)
31 creatures vanquished.

Notes
Turn   | Place    | Note
-------+----------+-------------------------------------------
     0 | D:1      | grackle the Gargoyle Fighter began the quest for the Orb.
     0 | D:1      | Reached XP level 1. HP: 14/14 MP: 1/1
   540 | D:1      | Reached XP level 2. HP: 17/19 MP: 2/2
   776 | D:1      | Found a faded altar of an unknown god.
  1039 | D:2      | Reached XP level 3. HP: 14/23 MP: 3/3
  1695 | D:3      | Noticed Grinder
  1709 | D:3      | HP: 1/23 [Grinder (1)]
  1709 | D:3      | Slain by a quokka

Illustrated notes

Levels and vault maps discovered:
D:1:      onia_arrival_mini_maze, layout_rooms, basic_ecumenical_altar
D:2:      layout_basic, serial_glass, glass_columns_c, glass_columns_c,
          due_unseen_surprise, item_on_display_a, minmay_strange_pillars
D:3:      layout_loops_ring, nicolae_xom_altar_mimics,
          minmay_fractal_squares_diagonal_5, uniq_grinder, uniq_jessica

Skill      XL: |  1 |
---------------+----+-----
Axes           | 2 |  2.3
Fighting       | |  3.6
Armour         | |  3.7
Stealth        | |  0.1
Shields        | |  3.7

Action                   || total
-------------------------++-------
Melee: War axe           ||    66
       Hand axe          ||    19
  Use: Scroll            ||     3
Armor: Scale mail        ||    38
Dodge: Dodged            ||    33
Block: Buckler           ||    19
